BSA
POCATELLO BOCCABELLAS @ SEATTLE PIKES
05/09/2027
 
TOP OF THE 1ST
Pocatello Boccabellas batting - Pitching for Seattle Pikes : LHP Mike Graves
Pitching: LHP Mike Graves
Batting: RHB Tomás Carranza 0-0: Foul Ball, location: 2F
0-1: SINGLE (Groundball, 56D)
Batting: RHB José Delgado 0-0: Swinging Strike
Tomás Carranza steals 2nd base
0-1: Fly out, F8 (Flyball, 8LD)
Runner from 2nd tags up, SAFE at 3rd, no throw
Batting: RHB Marlon Phipps 0-0: Ball
1-0: Called Strike
1-1: Ball
2-1: Ground out 5-3 (Groundball, 56S)
Tomás Carranza scores
Batting: LHB Juan Cortés 0-0: SINGLE (Line Drive, 6D)
Batting: RHB Francisco Sandoval 0-0: Ball
1-0: Ball
Juan Cortés is caught stealing 2nd base
Top of the 1st over - 1 run(s), 2 hit(s), 0 error(s), 0 left on base; Pocatello 1 - Seattle 0
BOTTOM OF THE 1ST
Seattle Pikes batting - Pitching for Pocatello Boccabellas : RHP Kevin Bush
Pitching: RHP Kevin Bush
Batting: RHB Pete Rideout 0-0: Called Strike
0-1: Fly out, F5 (Line Drive, 5)
Batting: RHB António Ortega 0-0: Ball
1-0: Ball
2-0: Called Strike
2-1: Swinging Strike
2-2: Strikes out swinging
Batting: RHB Randy Sheppard 0-0: Ground out 6-3 (Groundball, 6)
Bottom of the 1st over - 0 run(s), 0 hit(s), 0 error(s), 0 left on base; Pocatello 1 - Seattle 0
TOP OF THE 2ND
Pocatello Boccabellas batting - Pitching for Seattle Pikes : LHP Mike Graves
Batting: RHB Francisco Sandoval 0-0: Foul Ball, location: 2F
0-1: Foul Ball, location: 2F
0-2: Ball
1-2: DOUBLE (Groundball, 3L)
Batting: RHB Pedro Guzmán 0-0: SINGLE (Line Drive, 9S)
Francisco Sandoval to third
Batting: RHB Jeremy Carr 0-0: Ball
1-0: Ball
2-0: Ball
3-0: Base on Balls
Pedro Guzmán to second
Batting: LHB Jim Jensen 0-0: Ball
1-0: Ball
2-0: Called Strike
2-1: Ball
3-1: Base on Balls
Francisco Sandoval scores
Pedro Guzmán to third
Jeremy Carr to second
Batting: SHB Nick Cox 0-0: Called Strike
0-1: Ball
1-1: Swinging Strike
1-2: Ball
2-2: Strikes out swinging
Batting: RHB Tomás Carranza 0-0: Ball
1-0: DOUBLE (Line Drive, 8LD)
Pedro Guzmán scores
Jeremy Carr scores
Jim Jensen to third
Runner from 3rd tries for Home, SAFE, throw made home
Batting: RHB José Delgado 0-0: Ball
1-0: Called Strike
1-1: SINGLE (Flyball, 89S)
Tomás Carranza to third
Runner from 3rd tries for Home, SAFE, no throw
Batting: RHB Marlon Phipps 0-0: Ball
1-0: SINGLE (Groundball, 4MD)
José Delgado to second
Batting: LHB Juan Cortés 0-0: Called Strike
0-1: Called Strike
0-2: Ball
1-2: Strikes out looking
Batting: RHB Francisco Sandoval 0-0: Ball
1-0: Ball
Wild Pitch!
José Delgado to third
Marlon Phipps to second
2-0: Ball
3-0: Ground out 6-3 (Groundball, 6)
Top of the 2nd over - 5 run(s), 5 hit(s), 0 error(s), 2 left on base; Pocatello 6 - Seattle 0
BOTTOM OF THE 2ND
Seattle Pikes batting - Pitching for Pocatello Boccabellas : RHP Kevin Bush
Batting: LHB Richard Hunter 0-0: Called Strike
0-1: Ball
1-1: Ball
2-1: Swinging Strike
2-2: Strikes out swinging
Batting: RHB Tae-kwon Kwon 0-0: Ball
1-0: Ball
2-0: SINGLE (Groundball, 6MD)
Batting: RHB Eugene Gill 0-0: Called Strike
0-1: Swinging Strike
0-2: Strikes out swinging
Batting: LHB Keith Tillman 0-0: Called Strike
0-1: Ball
1-1: Foul Ball, location: 2F
1-2: Ball
2-2: Ball
3-2: Foul Ball, location: 2F
3-2: Foul Ball, location: 2F
3-2: Foul Ball, location: 2F
3-2: SINGLE (Line Drive, 5L)
Tae-kwon Kwon to second
Tae-kwon Kwon to third
Batting: RHB Iván Gonzáles 0-0: Ball
1-0: Ball
2-0: Foul Ball, location: 2F
2-1: Foul Ball, location: 2F
2-2: Foul Ball, location: 2F
2-2: Strikes out looking
Bottom of the 2nd over - 0 run(s), 2 hit(s), 0 error(s), 2 left on base; Pocatello 6 - Seattle 0
TOP OF THE 3RD
Pocatello Boccabellas batting - Pitching for Seattle Pikes : LHP Mike Graves
Batting: RHB Pedro Guzmán 0-0: Foul Ball, location: 2F
0-1: Ground out 4-3 (Groundball, 4)
Batting: RHB Jeremy Carr 0-0: Called Strike
0-1: SINGLE (Groundball, 4MD)
Pitching: RHP José Salinas
Batting: LHB Jim Jensen 0-0: Ball
1-0: Foul Ball, location: 2F
1-1: Ball
2-1: Foul Ball, location: 2F
2-2: Fly out, F4 (Flyball, 4MD)
Batting: SHB Nick Cox 0-0: Called Strike
Jeremy Carr steals 2nd base
0-1: Called Strike
0-2: Ball
1-2: Strikes out looking
Top of the 3rd over - 0 run(s), 1 hit(s), 0 error(s), 1 left on base; Pocatello 6 - Seattle 0
BOTTOM OF THE 3RD
Seattle Pikes batting - Pitching for Pocatello Boccabellas : RHP Kevin Bush
Batting: LHB Jesús Núńez 0-0: Ball
1-0: Called Strike
1-1: Ball
2-1: Ground out 4-3 (Groundball, 4)
Batting: RHB Pete Rideout 0-0: Ground out 4-3 (Groundball, 4)
Batting: RHB António Ortega 0-0: Ball
1-0: Foul Ball, location: 2F
1-1: Ball
2-1: Called Strike
2-2: SINGLE (Line Drive, 4D)
Batting: RHB Randy Sheppard 0-0: Ball
1-0: Swinging Strike
1-1: Ball
2-1: Ground out 2-3 (Groundball, 2L)
Bottom of the 3rd over - 0 run(s), 1 hit(s), 0 error(s), 1 left on base; Pocatello 6 - Seattle 0
TOP OF THE 4TH
Pocatello Boccabellas batting - Pitching for Seattle Pikes : RHP José Salinas
Batting: RHB Tomás Carranza 0-0: Ball
1-0: Ground out 4-3 (Groundball, 4)
Batting: RHB José Delgado 0-0: Called Strike
0-1: Swinging Strike
0-2: Ground out 4-3 (Groundball, 4)
Batting: RHB Marlon Phipps 0-0: Called Strike
0-1: Foul Ball, location: 2F
0-2: Ball
1-2: Ball
2-2: Ground out 4-3 (Groundball, 4M)
Top of the 4th over - 0 run(s), 0 hit(s), 0 error(s), 0 left on base; Pocatello 6 - Seattle 0
BOTTOM OF THE 4TH
Seattle Pikes batting - Pitching for Pocatello Boccabellas : RHP Kevin Bush
Batting: LHB Richard Hunter 0-0: Called Strike
0-1: Ball
1-1: Ball
2-1: Fly out, F8 (Flyball, 8LD)
Batting: RHB Tae-kwon Kwon 0-0: Ground out U3 (Groundball, 34)
Batting: RHB Eugene Gill 0-0: Called Strike
0-1: Ball
1-1: Foul Ball, location: 2F
1-2: Strikes out swinging
Bottom of the 4th over - 0 run(s), 0 hit(s), 0 error(s), 0 left on base; Pocatello 6 - Seattle 0
TOP OF THE 5TH
Pocatello Boccabellas batting - Pitching for Seattle Pikes : RHP José Salinas
Batting: LHB Juan Cortés 0-0: Called Strike
0-1: Ground out 5-3 (Groundball, 56D)
Batting: RHB Francisco Sandoval 0-0: SINGLE (Groundball, 4D)
Batting: RHB Pedro Guzmán 0-0: Grounds into double play, 6-4-3 (Groundball, 6)
Top of the 5th over - 0 run(s), 1 hit(s), 0 error(s), 0 left on base; Pocatello 6 - Seattle 0
BOTTOM OF THE 5TH
Seattle Pikes batting - Pitching for Pocatello Boccabellas : RHP Kevin Bush
Batting: LHB Keith Tillman 0-0: Ground out U3 (Groundball, 3)
Batting: RHB Iván Gonzáles 0-0: Called Strike
0-1: Foul Ball, location: 2F
0-2: Ball
1-2: Strikes out swinging
Batting: LHB Jesús Núńez 0-0: Ball
1-0: Ball
2-0: Swinging Strike
2-1: Foul Ball, location: 2F
2-2: Foul Ball, location: 2F
2-2: Strikes out swinging
Bottom of the 5th over - 0 run(s), 0 hit(s), 0 error(s), 0 left on base; Pocatello 6 - Seattle 0
TOP OF THE 6TH
Pocatello Boccabellas batting - Pitching for Seattle Pikes : RHP José Salinas
Batting: RHB Jeremy Carr 0-0: Foul Ball, location: 2F
0-1: Called Strike
0-2: Foul Ball, location: 2F
0-2: Strikes out swinging
Batting: LHB Jim Jensen 0-0: Swinging Strike
0-1: SINGLE (Groundball, 34D)
Batting: SHB Nick Cox 0-0: Called Strike
0-1: Called Strike
0-2: Ball
1-2: Foul Ball, location: 2F
1-2: Grounds into double play, 6-4-3 (Groundball, 6)
Top of the 6th over - 0 run(s), 1 hit(s), 0 error(s), 0 left on base; Pocatello 6 - Seattle 0
BOTTOM OF THE 6TH
Seattle Pikes batting - Pitching for Pocatello Boccabellas : RHP Kevin Bush
Batting: RHB Pete Rideout 0-0: Foul Ball, location: 2F
0-1: Ball
1-1: Swinging Strike
1-2: Fly out, F6 (Popup, 56D)
Batting: RHB António Ortega 0-0: Swinging Strike
0-1: Ball
1-1: Ball
2-1: Foul Ball, location: 2F
2-2: Foul Ball, location: 2F
2-2: Fly out, F8 (Flyball, 8LM)
Batting: RHB Randy Sheppard 0-0: Ball
1-0: Called Strike
1-1: Swinging Strike
1-2: Ball
2-2: Ground out 6-3 (Groundball, 6)
Bottom of the 6th over - 0 run(s), 0 hit(s), 0 error(s), 0 left on base; Pocatello 6 - Seattle 0
TOP OF THE 7TH
Pocatello Boccabellas batting - Pitching for Seattle Pikes : RHP José Salinas
Batting: RHB Tomás Carranza 0-0: Fly out, F9 (Flyball, 9LMF)
Batting: RHB José Delgado 0-0: Ground out 6-3 (Groundball, 6S)
Batting: RHB Marlon Phipps 0-0: Ball
1-0: Foul Ball, location: 2F
1-1: Swinging Strike
1-2: SINGLE (Groundball, 6MD)
Batting: LHB Juan Cortés 0-0: SINGLE (Groundball, 5D)
Marlon Phipps to second
Batting: RHB Francisco Sandoval 0-0: Called Strike
0-1: Called Strike
0-2: Ground out 5-3 (Groundball, 5S)
Top of the 7th over - 0 run(s), 2 hit(s), 0 error(s), 2 left on base; Pocatello 6 - Seattle 0
BOTTOM OF THE 7TH
Seattle Pikes batting - Pitching for Pocatello Boccabellas : RHP Kevin Bush
Batting: LHB Richard Hunter 0-0: Called Strike
0-1: Ball
1-1: Ball
2-1: Ball
3-1: Swinging Strike
3-2: Foul Ball, location: 2F
3-2: Strikes out swinging
Batting: RHB Tae-kwon Kwon 0-0: Called Strike
0-1: Foul Ball, location: 2F
0-2: Fly out, F2 (Popup, 25)
Batting: RHB Eugene Gill 0-0: Called Strike
0-1: Ball
1-1: Foul Ball, location: 2F
1-2: Ball
2-2: Strikes out looking
Bottom of the 7th over - 0 run(s), 0 hit(s), 0 error(s), 0 left on base; Pocatello 6 - Seattle 0
TOP OF THE 8TH
Pocatello Boccabellas batting - Pitching for Seattle Pikes : RHP José Salinas
Batting: RHB Pedro Guzmán 0-0: Fly out, F7 (Flyball, 7)
Batting: RHB Jeremy Carr 0-0: Ball
1-0: Ball
2-0: Swinging Strike
2-1: Ball
3-1: SINGLE (Groundball, 6MD)
Batting: LHB Jim Jensen 0-0: Called Strike
0-1: Foul Ball, location: 2F
0-2: Ball
1-2: Foul Ball, location: 2F
1-2: Foul Ball, location: 2F
1-2: Ground out 4-3 (Groundball, 34)
Jeremy Carr to second
Batting: SHB Nick Cox 0-0: Ball
1-0: Called Strike
1-1: Ball
2-1: Ball
3-1: Base on Balls
Batting: RHB Tomás Carranza 0-0: Fielders Choice at 2nd, 5-4 (Groundball, 56)
Top of the 8th over - 0 run(s), 1 hit(s), 0 error(s), 1 left on base; Pocatello 6 - Seattle 0
BOTTOM OF THE 8TH
Seattle Pikes batting - Pitching for Pocatello Boccabellas : RHP Kevin Bush
Batting: LHB Keith Tillman 0-0: Foul Ball, location: 2F
0-1: Ball
1-1: Ground out 4-3 (Groundball, 34)
Batting: RHB Iván Gonzáles 0-0: Ball
1-0: Ball
2-0: Ball
3-0: Ground out 3-1 (Groundball, 34)
Batting: LHB Jesús Núńez 0-0: Called Strike
0-1: Swinging Strike
0-2: Ball
1-2: Strikes out swinging
Bottom of the 8th over - 0 run(s), 0 hit(s), 0 error(s), 0 left on base; Pocatello 6 - Seattle 0
TOP OF THE 9TH
Pocatello Boccabellas batting - Pitching for Seattle Pikes : RHP José Salinas
Pitching: RHP Jesús Suárez
Batting: RHB José Delgado 0-0: Called Strike
0-1: Ball
1-1: Called Strike
1-2: Ball
2-2: Foul Ball, location: 2F
2-2: Foul Ball, location: 2F
2-2: Ground out 6-3 (Groundball, 6S)
Batting: RHB Marlon Phipps 0-0: Called Strike
0-1: Ball
1-1: Ball
2-1: Ball
3-1: Called Strike
3-2: Foul Ball, location: 2F
3-2: Foul Ball, location: 2F
3-2: Strikes out swinging
Batting: LHB Juan Cortés 0-0: Ground out U3 (Groundball, 34)
Top of the 9th over - 0 run(s), 0 hit(s), 0 error(s), 0 left on base; Pocatello 6 - Seattle 0
BOTTOM OF THE 9TH
Seattle Pikes batting - Pitching for Pocatello Boccabellas : RHP Kevin Bush
Now at 1B: Chris Parker
Batting: RHB Pete Rideout 0-0: Swinging Strike
0-1: Foul Ball, location: 2F
0-2: Ball
1-2: Foul Ball, location: 2F
1-2: Ball
2-2: Ground out 6-3 (Groundball, 6M)
Batting: RHB António Ortega 0-0: SINGLE (Groundball, 56D)
Batting: RHB Randy Sheppard 0-0: Foul Ball, location: 2F
0-1: Called Strike
0-2: Grounds into double play, 5-4-3 (Groundball, 56)
Bottom of the 9th over - 0 run(s), 1 hit(s), 0 error(s), 0 left on base; Pocatello 6 - Seattle 0
Thursday, March 30th, 2017 - OOTP Baseball 17.12 Build 75